Blackdemons vs Icehogs (R1)

Created - 2 novembre 2012 at 20:16

Simulating a Pre-Season

Goals
1 2 3 T
Blackdemons 0 2 2 4
Icehogs 0 2 0 2
Shots
1 2 3 T
Blackdemons 7 4 11 22
Icehogs 5 14 9 28

1st period

No Goal

Penalties :
Barry Tallackson (Roc) for Tripping (Minor) at 2:54, Travis Moen (Roc) for Hooking (Minor) at 7:02, Matt Hunwick (Roc) for Hooking (Minor) at 15:21, Travis Moen (Roc) for Roughing (Minor) at 17:42

2nd period

1. Blackdemons , Mathieu Biron 1 (James Neal) at 1:25 (PP)
2. Blackdemons , Niclas Bergfors 2 (James Neal, Sam Gagner) at 11:29 (PP)
3. Icehogs , Mark Popovic 1 (Milan Jurcina, Barry Tallackson) at 14:48 (PP)
4. Icehogs , Niklas Hagman 4 (Josh Hennessy, Ryan Parent) at 15:02

Penalties :
Milan Jurcina (Roc) for Roughing (Minor) at 1:00, Nathan Paetsch (MJM) for Kneeing (Major) at 1:39, Josh Hennessy (Roc) for Interference (Minor) at 7:58, Travis Moen (Roc) for Roughing (Minor) at 10:50, Trevor Letowski (MJM) for High sticking (Minor) at 14:11, Nathan Paetsch (MJM) for Goalie Interference (Minor) at 15:36, Michael Frolik (MJM) for High sticking (Minor) at 15:53

3rd period

5. Blackdemons , Nathan Paetsch 1 (James Neal, Sam Gagner) at 8:15 (PP)
6. Blackdemons , Matt Moulson 1 (Niclas Bergfors, Michael Frolik) at 9:45

Penalties :
Niklas Hagman (Roc) for Slashing (Minor) at 0:41, Matt Hunwick (Roc) for Holding (Minor) at 6:42, Josh Hennessy (Roc) for Delaying the game (Minor) at 9:52, Tomas Kopecky (MJM) for Tripping (Minor) at 14:17, Trevor Letowski (MJM) for Hooking (Minor) at 16:51, Todd Fedoruk (MJM) for Hooking (Minor) at 19:09, Maxime Macenauer (MJM) for Diving (Minor) at 19:47

Goalie Stats

Jason LaBarbera (MJM), 26 saves from 28 shots - (0,929), W, 1-0-0, 60:00 minutes
Andrew Raycroft (Roc), 18 saves from 22 shots - (0,818), L, 0-2-1, 60:00 minutes

Players Stats for Blackdemons

Player Name              G  A  P  +/- PIM S  H  SB GA TA FO     MP     PP MP  PK MP  
------------------------------------------------------------------------------------
Enver Lisin              0  0  0   0  0   0  5  0  1  1  0/0    15:47   7:53   0:20 
Jakub Kindl              0  0  0   0  0   0  1  0  0  0  0/0    13:59   0:00   5:21 
James Neal               0  3  3   0  0   2  5  2  0  0  0/0    19:43   8:29   3:19 
Karl Alzner              0  0  0   1  0   0  0  0  0  0  0/0    12:24   0:00   2:14 
Ladislav Smid            0  0  0  -1  0   1  0  2  1  1  0/0    25:17   7:37   6:40 
Mathieu Biron            1  0  1   0  0   1  3  2  1  0  0/0    24:44   8:53   6:28 
Matt Moulson             1  0  1   0  0   3  2  0  0  0  8/17   14:27   0:08   2:51 
Maxime Macenauer         0  0  0   0  2   0  0  1  0  1  3/3    10:24   0:00   3:00 
Michael Frolik           0  1  1   0  2   3  2  1  2  0  3/12   24:04   7:53   4:58 
Michael Peca             0  0  0   0  0   0  0  1  0  0  0/2     2:17   0:00   0:00 
Nathan Paetsch           1  0  1   1  7   2  1  0  1  0  0/0    23:14   8:53   2:40 
Niclas Bergfors          1  1  2   0  0   5  4  1  0  0  0/1    19:32   8:23   0:00 
Nikita Nikitin           0  0  0  -1  0   2  0  3  0  0  0/0    20:07   7:37   1:39 
Sam Gagner               0  2  2   0  0   1  2  0  0  0  11/21  21:15   8:29   4:27 
Todd Fedoruk             0  0  0   0  2   1  0  0  0  1  1/2     8:09   0:17   0:00 
Tomas Kopecky            0  0  0   0  2   1  0  0  0  0  1/1    10:53   0:05   4:28 
Trevor Letowski          0  0  0   0  4   0  1  0  0  0  0/0     6:23   0:00   0:00 
Zack Hamill              0  0  0   0  0   0  1  0  0  0  3/6    12:39   7:53   0:19 

Players Stats for Icehogs

Player Name              G  A  P  +/- PIM S  H  SB GA TA FO     MP     PP MP  PK MP  
------------------------------------------------------------------------------------
B.J. Crombeen            0  0  0   0  0   3  3  0  1  2  3/3    24:52   6:15   9:15 
Barry Tallackson         0  1  1   0  2   1  2  0  0  0  0/3    17:41   5:01   4:35 
Chris Mueller            0  0  0   0  0   0  1  0  0  0  2/6     8:39   0:00   0:00 
Dylan Hunter             0  0  0   0  0   3  2  0  1  0  0/1    13:50   1:17   4:05 
Fernando Pisani          0  0  0   0  0   2  2  0  0  0  0/0    10:28   1:24   0:00 
Joakim Andersson         0  0  0   0  0   0  0  0  0  0  0/1     4:22   0:00   0:00 
Josh Hennessy            0  1  1   0  4   2  3  0  0  0  16/27  20:18   6:19   4:25 
Logan Stephenson         0  0  0   0  0   1  0  0  0  1  0/0    10:40   1:11   0:00 
Mark Popovic             1  0  1   0  0   2  0  0  1  1  0/0    20:50   4:49   6:45 
Matt Hunwick             0  0  0   0  4   0  1  0  0  1  0/0    26:26   7:17   7:42 
Mattias Sjogren          0  0  0   0  0   0  0  0  0  0  0/0     0:26   0:26   0:00 
Milan Jurcina            0  1  1   0  2   1  0  3  0  0  0/0    20:56   4:49   6:45 
Niklas Hagman            1  0  1   0  2   4  1  1  1  0  13/15  26:46   6:19   8:24 
Patrik Berglund          0  0  0   0  0   2  3  0  0  0  1/9    14:23   5:03   1:01 
Ryan Parent              0  1  1   0  0   1  0  1  0  1  0/0    28:22   7:04   9:20 
Ryan Shannon             0  0  0   0  0   4  2  1  0  0  0/0     6:44   0:55   0:00 
Shane Sims               0  0  0   0  0   2  1  0  0  0  0/0    12:56   0:10   2:28 
Travis Moen              0  0  0   0  6   0  3  0  0  0  0/0    14:41   5:01   1:15 

3 Stars

1 - James Neal (MJM)
2 - Niclas Bergfors (MJM)
3 - Mathieu Biron (MJM)

Power Play

Blackdemons - 3 on 10 Attempt(s) - 30,00%
Icehogs - 1 on 8 Attempt(s) - 12,50%

Penalty Kill

Blackdemons - 7 on 8 Attempt(s) - 87,50% - Score 0 goal in Penalty Kill
Icehogs - 7 on 10 Attempt(s) - 70,00% - Score 0 goal in Penalty Kill

Official

Referees : O'Rourke Dan and Devorski Paul
Linesman : Mark Pare and Jay Sharrers

Game Notes

Michael Peca is injured at 12:47 of 1st period (Sprained Right Knee)
10:08 of 2nd period - Icehogs goal is going for a video replay. After video review, No Goal. The puck has entered the net after making contact with an attacking player’s stick that is above the height of the crossbar.
9:45 of 3rd period - Blackdemons goal is going for a video replay. After video review, Goal.

Blackdemons

5 vs 5 Forward 
   Center                   Left Wing                Right Wing               Time % Phy DF OF 
 1 Michael Peca             Michael Frolik           Niclas Bergfors          40     0   2  3  
 2 Sam Gagner               James Neal               Enver Lisin              30     0   3  2  
 3 Zack Hamill              Matt Moulson             Tomas Kopecky            20     1   2  2  
 4 Maxime Macenauer         Todd Fedoruk             Trevor Letowski          10     0   3  2  

5 vs 5 Defense 
   Defense                  Defense                                           Time % Phy DF OF 
 1 Nathan Paetsch           Karl Alzner                                       36     0   4  1  
 2 Ladislav Smid            Nikita Nikitin                                    34     1   3  1  
 3 Jakub Kindl              Mathieu Biron                                     30     1   3  1  
 4 Jakub Kindl              Mathieu Biron                                     0      0   5  0  

PowerPlay Forward 
   Center                   Left Wing                Right Wing               Time % Phy DF OF 
 1 Sam Gagner               James Neal               Niclas Bergfors          60     0   2  3  
 2 Zack Hamill              Michael Frolik           Enver Lisin              40     0   2  3  

PowerPlay Defense
   Defense                  Defense                                           Time % Phy DF OF 
 1 Nathan Paetsch           Mathieu Biron                                     60     0   2  3  
 2 Ladislav Smid            Nikita Nikitin                                    40     0   2  3  

Penalty Kill 4 Players Forward 
   Center                   Wing                     Time % Phy DF OF 
 1 Michael Peca             Tomas Kopecky            60     1   4  0  
 2 Maxime Macenauer         Matt Moulson             40     0   5  0  

Penalty Kill 4 Players Defense
   Defense                  Defense                  Time % Phy DF OF 
 1 Ladislav Smid            Mathieu Biron            60     0   5  0  
 2 Nathan Paetsch           Jakub Kindl              40     0   5  0  

Penalty Kill - 3 Players Forward 
   Forward                                           Time % Phy DF OF 
 1 Michael Peca                                      60     0   5  0  
 2 Maxime Macenauer                                  40     0   5  0  

Penalty Kill - 3 Players Defense
   Defense                  Defense                  Time % Phy DF OF 
 1 Ladislav Smid            Mathieu Biron            60     0   5  0  
 2 Nathan Paetsch           Jakub Kindl              40     0   5  0  

4 vs 4 Forward 
   Center                   Wing                     Time % Phy DF OF 
 1 Maxime Macenauer         Matt Moulson             60     0   4  1  
 2 Zack Hamill              Tomas Kopecky            40     0   4  1  

4 vs 4 Defense
   Defense                  Defense                  Time % Phy DF OF 
 1 Ladislav Smid            Mathieu Biron            60     0   4  1  
 2 Nathan Paetsch           Karl Alzner              40     0   4  1  

Last Minutes Offensive
   Center                   Left Wing                Right Wing               Defense                  Defense                  
   Michael Peca             James Neal               Niclas Bergfors          Nathan Paetsch           Mathieu Biron            

Last Minutes Defensive
   Center                   Left Wing                Right Wing               Defense                  Defense                  
   Michael Peca             Michael Frolik           Tomas Kopecky            Ladislav Smid            Nathan Paetsch           

Goaltenders
Starting : Jason LaBarbera          
Backup : Michal Neuvirth          

Extra Forwards
Normal : Matt Moulson, Tomas Kopecky, Todd Fedoruk - PP : Todd Fedoruk, Matt Moulson - PK : Michael Frolik
Extra Defensemen
Normal : Karl Alzner, Nikita Nikitin, Jakub Kindl - PP : Jakub Kindl - PK : Karl Alzner, Nikita Nikitin
Penalty Shots
Enver Lisin, Michael Frolik, Niclas Bergfors, Matt Moulson, Michael Peca

Icehogs

5 vs 5 Forward 
   Center                   Left Wing                Right Wing               Time % Phy DF OF 
 1 Josh Hennessy            Niklas Hagman            B.J. Crombeen            40     1   2  2  
 2 Patrik Berglund          Travis Moen              Barry Tallackson         30     1   2  2  
 3 Chris Mueller            Dylan Hunter             Fernando Pisani          20     1   2  2  
 4 Joakim Andersson         Niklas Hagman            Ryan Shannon             10     1   2  2  

5 vs 5 Defense 
   Defense                  Defense                                           Time % Phy DF OF 
 1 Ryan Parent              Matt Hunwick                                      40     1   2  2  
 2 Milan Jurcina            Mark Popovic                                      30     1   2  2  
 3 Logan Stephenson         Shane Sims                                        20     1   2  2  
 4 Ryan Parent              Matt Hunwick                                      10     1   2  2  

PowerPlay Forward 
   Center                   Left Wing                Right Wing               Time % Phy DF OF 
 1 Josh Hennessy            Niklas Hagman            B.J. Crombeen            60     1   2  2  
 2 Patrik Berglund          Travis Moen              Barry Tallackson         40     1   2  2  

PowerPlay Defense
   Defense                  Defense                                           Time % Phy DF OF 
 1 Ryan Parent              Matt Hunwick                                      60     1   2  2  
 2 Milan Jurcina            Mark Popovic                                      40     1   2  2  

Penalty Kill 4 Players Forward 
   Center                   Wing                     Time % Phy DF OF 
 1 Niklas Hagman            B.J. Crombeen            60     1   2  2  
 2 Barry Tallackson         Josh Hennessy            40     1   2  2  

Penalty Kill 4 Players Defense
   Defense                  Defense                  Time % Phy DF OF 
 1 Ryan Parent              Matt Hunwick             60     1   2  2  
 2 Milan Jurcina            Mark Popovic             40     1   2  2  

Penalty Kill - 3 Players Forward 
   Forward                                           Time % Phy DF OF 
 1 Niklas Hagman                                     60     1   2  2  
 2 B.J. Crombeen                                     40     1   2  2  

Penalty Kill - 3 Players Defense
   Defense                  Defense                  Time % Phy DF OF 
 1 Ryan Parent              Matt Hunwick             60     1   2  2  
 2 Milan Jurcina            Mark Popovic             40     1   2  2  

4 vs 4 Forward 
   Center                   Wing                     Time % Phy DF OF 
 1 Niklas Hagman            B.J. Crombeen            60     1   2  2  
 2 Barry Tallackson         Josh Hennessy            40     1   2  2  

4 vs 4 Defense
   Defense                  Defense                  Time % Phy DF OF 
 1 Ryan Parent              Matt Hunwick             60     1   2  2  
 2 Milan Jurcina            Mark Popovic             40     1   2  2  

Last Minutes Offensive
   Center                   Left Wing                Right Wing               Defense                  Defense                  
   Josh Hennessy            Niklas Hagman            B.J. Crombeen            Ryan Parent              Matt Hunwick             

Last Minutes Defensive
   Center                   Left Wing                Right Wing               Defense                  Defense                  
   Josh Hennessy            Niklas Hagman            B.J. Crombeen            Ryan Parent              Matt Hunwick             

Goaltenders
Starting : Andrew Raycroft          
Backup : Maxime Ouellet           

Extra Forwards
Normal : Fernando Pisani, Ryan Shannon, Dylan Hunter - PP : Fernando Pisani, Ryan Shannon - PK : Dylan Hunter
Extra Defensemen
Normal : Logan Stephenson, Shane Sims, Milan Jurcina - PP : Logan Stephenson - PK : Shane Sims, Milan Jurcina
Penalty Shots
Niklas Hagman, B.J. Crombeen, Barry Tallackson, Josh Hennessy, Patrik Berglund

% Time on Ice - Blackdemons

Lines # - Real PCT - Wanted PCT - Time Play
Normal Forward
1 - 41% - 40% - 12:32
2 - 24% - 30% - 7:24
3 - 15% - 20% - 4:34
4 - 21% - 10% - 6:20
Normal Defense
1 - 37% - 36% - 11:31
2 - 37% - 34% - 11:22
3 - 26% - 30% - 7:57
4 - 0% - 0% - 0:00
PP Forward
1 - 52% - 60% - 8:37
2 - 48% - 40% - 7:53
PP Defense
1 - 54% - 60% - 8:53
2 - 46% - 40% - 7:37
PK Forward
1 - 92% - 60% - 9:54
2 - 8% - 40% - 0:52
PK Defense
1 - 47% - 60% - 5:03
2 - 53% - 40% - 5:43
PK3 Forward
1 - 100% - 60% - 1:54
2 - 0% - 40% - 0:00
PK3 Defense
1 - 55% - 60% - 1:03
2 - 45% - 40% - 0:51
44 Forward
1 - 0% - 60%
2 - 0% - 40%
44 Defense
1 - 0% - 60%
2 - 0% - 40%
Last Minute Offensive  - 0:00
Last Minute Defensive  - 0:00
Total
Forward - 60:00
Defense - 60:00

% Time on Ice - Icehogs

Lines # - Real PCT - Wanted PCT - Time Play
Normal Forward
1 - 30% - 40% - 9:21
2 - 27% - 30% - 8:28
3 - 28% - 20% - 8:39
4 - 14% - 10% - 4:22
Normal Defense
1 - 39% - 40% - 11:56
2 - 30% - 30% - 9:23
3 - 30% - 20% - 9:08
4 - 1% - 10% - 0:23
PP Forward
1 - 56% - 60% - 7:06
2 - 44% - 40% - 5:34
PP Defense
1 - 62% - 60% - 7:51
2 - 38% - 40% - 4:49
PK Forward
1 - 69% - 60% - 11:21
2 - 31% - 40% - 5:09
PK Defense
1 - 59% - 60% - 9:45
2 - 41% - 40% - 6:45
PK3 Forward
1 - 0% - 60%
2 - 0% - 40%
PK3 Defense
1 - 0% - 60%
2 - 0% - 40%
44 Forward
1 - 0% - 60%
2 - 0% - 40%
44 Defense
1 - 0% - 60%
2 - 0% - 40%
Last Minute Offensive  - 0:00
Last Minute Defensive  - 0:00
Total
Forward - 60:00
Defense - 60:00

Play by Play

1st period


0:01 of 1st period - B.J. Crombeen wins face-off versus Michael Peca in neutral zone.
1:16 of 1st period - Slapshot by Todd Fedoruk.
1:16 of 1st period - Shot Blocked by Ryan Shannon.
1:28 of 1st period - Snap shot by B.J. Crombeen.
1:28 of 1st period - Stopped by Jason LaBarbera without a rebound.
1:29 of 1st period - Josh Hennessy wins face-off versus Michael Peca in Blackdemons zone.
1:53 of 1st period - Snap shot by Michael Frolik.
1:53 of 1st period - Stopped by Andrew Raycroft with a rebound.
1:55 of 1st period - Slapshot by Niclas Bergfors.
1:55 of 1st period - Stopped by Andrew Raycroft without a rebound.
1:56 of 1st period - Sam Gagner wins face-off versus Chris Mueller in Icehogs zone.
2:01 of 1st period - Icing by Shane Sims.
2:02 of 1st period - Sam Gagner wins face-off versus Chris Mueller in Icehogs zone.
2:11 of 1st period - Slapshot by James Neal.
2:11 of 1st period - Stopped by Andrew Raycroft without a rebound.
2:12 of 1st period - Josh Hennessy wins face-off versus Zack Hamill in Icehogs zone.
2:39 of 1st period - Slapshot by Patrik Berglund.
2:39 of 1st period - Stopped by Jason LaBarbera with a rebound.
2:54 of 1st period - Minor Penalty to Barry Tallackson for Tripping.
2:55 of 1st period - Niklas Hagman wins face-off versus Sam Gagner in Icehogs zone.
2:55 of 1st period - Niklas Hagman is hit by Mathieu Biron.
4:53 of 1st period - Slapshot by Patrik Berglund.
4:53 of 1st period - Shot Blocked by Nikita Nikitin.
4:54 of 1st period - Penalty to Barry Tallackson is over, Barry Tallackson is back on ice.
6:16 of 1st period - Matt Moulson is hit by B.J. Crombeen and loses puck.
6:46 of 1st period - Shane Sims is hit by Michael Frolik and loses puck.
7:02 of 1st period - Minor Penalty to Travis Moen for Hooking.
7:03 of 1st period - Niklas Hagman wins face-off versus Sam Gagner in Icehogs zone.
7:28 of 1st period - Michael Frolik is hit by Josh Hennessy and loses puck.
9:02 of 1st period - Penalty to Travis Moen is over, Travis Moen is back on ice.
9:54 of 1st period - Nikita Nikitin is hit by Fernando Pisani.
10:21 of 1st period - Logan Stephenson is hit by James Neal and loses puck.
10:45 of 1st period - Milan Jurcina is hit by Niclas Bergfors and loses puck.
11:02 of 1st period - Wrist shot by Fernando Pisani.
11:02 of 1st period - Stopped by Jason LaBarbera with a rebound.
11:32 of 1st period - Mathieu Biron is hit by Shane Sims and loses puck.
12:16 of 1st period - Sam Gagner is hit by B.J. Crombeen and loses puck.
12:27 of 1st period - Matt Hunwick is hit by Mathieu Biron and loses puck.
12:37 of 1st period - Icing by Mathieu Biron.
12:38 of 1st period - Zack Hamill wins face-off versus Patrik Berglund in Blackdemons zone.
12:45 of 1st period - Snap shot by Barry Tallackson.
12:45 of 1st period - Shot Misses the Net.
12:47 of 1st period - Snap shot by Patrik Berglund.
12:47 of 1st period - Deflect By Michael Frolik.
12:47 of 1st period - Shot Blocked by Michael Peca.
12:47 of 1st period - Michael Peca from Blackdemons is injured at 12:47 of 1st period (Sprained Right Knee).
12:48 of 1st period - Josh Hennessy wins face-off versus Matt Moulson in Blackdemons zone.
12:51 of 1st period - Wrist shot by Niklas Hagman.
12:51 of 1st period - Shot Misses the Net.
12:59 of 1st period - Niklas Hagman is hit by Nathan Paetsch and loses puck.
13:14 of 1st period - Ryan Parent is hit by James Neal and loses puck.
13:22 of 1st period - Travis Moen is hit by James Neal and loses puck.
13:53 of 1st period - Niclas Bergfors is hit by Josh Hennessy and loses puck.
14:37 of 1st period - Snap shot by Ryan Shannon.
14:37 of 1st period - Stopped by Jason LaBarbera with a rebound.
14:39 of 1st period - Slapshot by Matt Hunwick.
14:39 of 1st period - Shot Misses the Net.
14:50 of 1st period - Off-side.
14:51 of 1st period - Sam Gagner wins face-off versus Chris Mueller in neutral zone.
14:54 of 1st period - Dylan Hunter is hit by Enver Lisin and loses puck.
15:01 of 1st period - Slapshot by James Neal.
15:01 of 1st period - Stopped by Andrew Raycroft with a rebound.
15:03 of 1st period - Slapshot by Karl Alzner.
15:03 of 1st period - Shot Misses the Net.
15:17 of 1st period - Nathan Paetsch is hit by Travis Moen and loses puck.
15:21 of 1st period - Minor Penalty to Matt Hunwick for Hooking.
15:22 of 1st period - Niklas Hagman wins face-off versus Sam Gagner in Icehogs zone.
15:49 of 1st period - Icing by Michael Frolik.
15:50 of 1st period - Niklas Hagman wins face-off versus Zack Hamill in Blackdemons zone.
15:54 of 1st period - Icing by Mathieu Biron.
15:55 of 1st period - Niklas Hagman wins face-off versus Zack Hamill in Blackdemons zone.
16:04 of 1st period - Snap shot by Enver Lisin.
16:04 of 1st period - Deflect By B.J. Crombeen.
16:04 of 1st period - Shot Blocked by Niklas Hagman.
16:04 of 1st period - Puck is out of play.
16:05 of 1st period - Sam Gagner wins face-off versus Niklas Hagman in Icehogs zone.
16:06 of 1st period - Snap shot by Niclas Bergfors.
16:06 of 1st period - Stopped by Andrew Raycroft with a rebound.
16:08 of 1st period - Slapshot by Nathan Paetsch.
16:08 of 1st period - Stopped by Andrew Raycroft with a rebound.
16:20 of 1st period - Wrist shot by Sam Gagner.
16:20 of 1st period - Stopped by Andrew Raycroft with a rebound.
17:21 of 1st period - Penalty to Matt Hunwick is over, Matt Hunwick is back on ice.
17:34 of 1st period - Snap shot by Fernando Pisani.
17:34 of 1st period - Shot Blocked by Maxime Macenauer.
17:36 of 1st period - Snap shot by Chris Mueller.
17:36 of 1st period - Shot Misses the Net.
17:38 of 1st period - Backhand shot by Milan Jurcina.
17:38 of 1st period - Shot Misses the Net.
17:40 of 1st period - Slapshot by Dylan Hunter.
17:40 of 1st period - Stopped by Jason LaBarbera without a rebound.
17:41 of 1st period - Zack Hamill wins face-off versus Patrik Berglund in Blackdemons zone.
17:41 of 1st period - Zack Hamill is hit by Barry Tallackson.
17:42 of 1st period - Minor Penalty to Travis Moen for Roughing.
17:43 of 1st period - Niklas Hagman wins face-off versus Sam Gagner in Icehogs zone.
19:17 of 1st period - Matt Hunwick is hit by Niclas Bergfors and loses puck.
19:42 of 1st period - Penalty to Travis Moen is over, Travis Moen is back on ice.
19:50 of 1st period - Logan Stephenson is hit by Trevor Letowski and loses puck.

2nd period


0:01 of 2nd period - Matt Moulson wins face-off versus Josh Hennessy in neutral zone.
0:06 of 2nd period - B.J. Crombeen is hit by Niclas Bergfors and loses puck.
0:19 of 2nd period - Ladislav Smid is hit by B.J. Crombeen and loses puck.
1:00 of 2nd period - Minor Penalty to Milan Jurcina for Roughing.
1:01 of 2nd period - Niklas Hagman wins face-off versus Sam Gagner in Icehogs zone.
1:13 of 2nd period - Icing by James Neal.
1:14 of 2nd period - Niklas Hagman wins face-off versus Sam Gagner in Blackdemons zone.
1:25 of 2nd period - Slapshot by Mathieu Biron.
1:25 of 2nd period - Goal by Mathieu Biron - Blackdemons : 1 - Icehogs : 0.
1:26 of 2nd period - Matt Moulson wins face-off versus Josh Hennessy in neutral zone.
1:30 of 2nd period - Icing by Ryan Parent.
1:31 of 2nd period - Matt Moulson wins face-off versus Josh Hennessy in Icehogs zone.
1:39 of 2nd period - Major Penalty to Nathan Paetsch for Kneeing.
1:40 of 2nd period - Josh Hennessy wins face-off versus Michael Frolik in Blackdemons zone.
1:41 of 2nd period - Snap shot by B.J. Crombeen.
1:41 of 2nd period - Stopped by Jason LaBarbera with a rebound.
1:51 of 2nd period - Mathieu Biron is hit by Niklas Hagman.
2:18 of 2nd period - Slapshot by Ryan Parent.
2:18 of 2nd period - Shot Blocked by Mathieu Biron.
2:20 of 2nd period - Slapshot by Matt Hunwick.
2:20 of 2nd period - Shot Blocked by Ladislav Smid.
2:22 of 2nd period - Snap shot by Niklas Hagman.
2:22 of 2nd period - Shot Blocked by Ladislav Smid.
2:24 of 2nd period - Slapshot by Matt Hunwick.
2:24 of 2nd period - Shot Blocked by Mathieu Biron.
2:26 of 2nd period - Slapshot by Ryan Parent.
2:26 of 2nd period - Deflect By B.J. Crombeen.
2:26 of 2nd period - Shot Misses the Net.
2:26 of 2nd period - Puck is out of play.
2:27 of 2nd period - Michael Frolik wins face-off versus Patrik Berglund in Blackdemons zone.
3:31 of 2nd period - Tomas Kopecky is hit by Patrik Berglund and loses puck.
5:33 of 2nd period - Mathieu Biron is hit by Patrik Berglund and loses puck.
6:39 of 2nd period - Penalty to Nathan Paetsch is over, Nathan Paetsch is back on ice.
6:49 of 2nd period - Joakim Andersson is hit by Mathieu Biron and loses puck.
7:08 of 2nd period - Fernando Pisani is hit by Jakub Kindl.
7:58 of 2nd period - Minor Penalty to Josh Hennessy for Interference.
7:59 of 2nd period - Sam Gagner wins face-off versus Niklas Hagman in Icehogs zone.
8:24 of 2nd period - Dylan Hunter is hit by Enver Lisin and loses puck.
8:51 of 2nd period - Barry Tallackson is hit by Enver Lisin and loses puck.
9:53 of 2nd period - Travis Moen is hit by James Neal and loses puck.
9:58 of 2nd period - Penalty to Josh Hennessy is over, Josh Hennessy is back on ice.
10:06 of 2nd period - Snap shot by Ryan Shannon.
10:06 of 2nd period - Stopped by Jason LaBarbera with a rebound.
10:08 of 2nd period - Snap shot by Ryan Shannon.
10:08 of 2nd period - Icehogs goal is going for a video replay.
10:08 of 2nd period - The goal is refused. The puck has entered the net after making contact with an attacking player’s stick that is above the height of the crossbar..
10:09 of 2nd period - Maxime Macenauer wins face-off versus Chris Mueller in Blackdemons zone.
10:14 of 2nd period - Snap shot by Fernando Pisani.
10:14 of 2nd period - Stopped by Jason LaBarbera with a rebound.
10:16 of 2nd period - Slapshot by Shane Sims.
10:16 of 2nd period - Stopped by Jason LaBarbera with a rebound.
10:18 of 2nd period - Wrist shot by Ryan Shannon.
10:18 of 2nd period - Stopped by Jason LaBarbera without a rebound.
10:19 of 2nd period - Maxime Macenauer wins face-off versus Josh Hennessy in Blackdemons zone.
10:50 of 2nd period - Backhand shot by Matt Moulson.
10:50 of 2nd period - Stopped by Andrew Raycroft without a rebound.
10:50 of 2nd period - Minor Penalty to Travis Moen for Roughing.
10:51 of 2nd period - Niklas Hagman wins face-off versus Niclas Bergfors in Icehogs zone.
10:51 of 2nd period - Niklas Hagman is hit by Sam Gagner.
11:23 of 2nd period - Snap shot by Enver Lisin.
11:23 of 2nd period - Deflect By Michael Frolik.
11:23 of 2nd period - Shot Misses the Net.
11:23 of 2nd period - Puck is out of play.
11:24 of 2nd period - Sam Gagner wins face-off versus Barry Tallackson in Icehogs zone.
11:29 of 2nd period - Snap shot by Niclas Bergfors.
11:29 of 2nd period - Goal by Niclas Bergfors - Blackdemons : 2 - Icehogs : 0.
11:30 of 2nd period - Josh Hennessy wins face-off versus Matt Moulson in neutral zone.
11:41 of 2nd period - Wrist shot by Matt Moulson.
11:41 of 2nd period - Deflect By Michael Frolik.
11:41 of 2nd period - Shot Misses the Net.
11:41 of 2nd period - Puck is out of play.
11:42 of 2nd period - Josh Hennessy wins face-off versus Matt Moulson in Icehogs zone.
11:42 of 2nd period - Josh Hennessy is hit by Niclas Bergfors.
11:52 of 2nd period - Slapshot by Matt Hunwick.
11:52 of 2nd period - Shot Misses the Net.
11:58 of 2nd period - B.J. Crombeen is hit by Matt Moulson and loses puck.
12:18 of 2nd period - Wrist shot by Travis Moen.
12:18 of 2nd period - Shot Misses the Net.
12:20 of 2nd period - Slapshot by Ryan Parent.
12:20 of 2nd period - Stopped by Jason LaBarbera with a rebound.
13:18 of 2nd period - Icing by Logan Stephenson.
13:19 of 2nd period - Niklas Hagman wins face-off versus Sam Gagner in Icehogs zone.
13:21 of 2nd period - Icing by Ryan Shannon.
13:22 of 2nd period - Niklas Hagman wins face-off versus Sam Gagner in Icehogs zone.
13:22 of 2nd period - Niklas Hagman is hit by Sam Gagner.
13:30 of 2nd period - Mathieu Biron is hit by Ryan Shannon and loses puck.
14:11 of 2nd period - Minor Penalty to Trevor Letowski for High sticking.
14:12 of 2nd period - B.J. Crombeen wins face-off versus Michael Frolik in Blackdemons zone.
14:13 of 2nd period - Wrist shot by Josh Hennessy.
14:13 of 2nd period - Stopped by Jason LaBarbera with a rebound.
14:23 of 2nd period - Snap shot by Tomas Kopecky.
14:23 of 2nd period - Shot Misses the Net.
14:25 of 2nd period - Wrist shot by Michael Frolik.
14:25 of 2nd period - Shot Misses the Net.
14:27 of 2nd period - Slapshot by Jakub Kindl.
14:27 of 2nd period - Shot Blocked by Ryan Parent.
14:37 of 2nd period - Jakub Kindl is hit by Matt Hunwick and loses puck.
14:42 of 2nd period - Wrist shot by Barry Tallackson.
14:42 of 2nd period - Stopped by Jason LaBarbera with a rebound.
14:44 of 2nd period - Backhand shot by Milan Jurcina.
14:44 of 2nd period - Stopped by Jason LaBarbera with a rebound.
14:46 of 2nd period - Slapshot by Mark Popovic.
14:46 of 2nd period - Shot Misses the Net.
14:48 of 2nd period - Slapshot by Mark Popovic.
14:48 of 2nd period - Goal by Mark Popovic - Blackdemons : 2 - Icehogs : 1.
14:49 of 2nd period - Matt Moulson wins face-off versus Josh Hennessy in neutral zone.
15:00 of 2nd period - Wrist shot by Josh Hennessy.
15:00 of 2nd period - Deflect By Nikita Nikitin.
15:00 of 2nd period - Stopped by Jason LaBarbera with a rebound.
15:02 of 2nd period - Wrist shot by Niklas Hagman.
15:02 of 2nd period - Goal by Niklas Hagman - Blackdemons : 2 - Icehogs : 2.
15:03 of 2nd period - Josh Hennessy wins face-off versus Matt Moulson in neutral zone.
15:11 of 2nd period - Off-side.
15:12 of 2nd period - Josh Hennessy wins face-off versus Matt Moulson in neutral zone.
15:36 of 2nd period - Minor Penalty to Nathan Paetsch for Goalie Interference.
15:37 of 2nd period - Josh Hennessy wins face-off versus Michael Frolik in Blackdemons zone.
15:53 of 2nd period - Minor Penalty to Michael Frolik for High sticking.
15:54 of 2nd period - Sam Gagner wins face-off versus Josh Hennessy in Blackdemons zone.
17:36 of 2nd period - Penalty to Nathan Paetsch is over, Nathan Paetsch is back on ice.
17:44 of 2nd period - Icing by Fernando Pisani.
17:45 of 2nd period - Maxime Macenauer wins face-off versus Patrik Berglund in Icehogs zone.
17:46 of 2nd period - Wrist shot by Tomas Kopecky.
17:46 of 2nd period - Shot Misses the Net.
17:53 of 2nd period - Penalty to Michael Frolik is over, Michael Frolik is back on ice.
18:06 of 2nd period - Milan Jurcina is hit by Matt Moulson and loses puck.
18:42 of 2nd period - Snap shot by Tomas Kopecky.
18:42 of 2nd period - Stopped by Andrew Raycroft with a rebound.
19:08 of 2nd period - Slapshot by Shane Sims.
19:08 of 2nd period - Stopped by Jason LaBarbera without a rebound.
19:09 of 2nd period - Sam Gagner wins face-off versus Patrik Berglund in Blackdemons zone.
19:13 of 2nd period - Off-side.
19:14 of 2nd period - Matt Moulson wins face-off versus Patrik Berglund in neutral zone.

3rd period


0:01 of 3rd period - Josh Hennessy wins face-off versus Matt Moulson in neutral zone.
0:06 of 3rd period - Snap shot by B.J. Crombeen.
0:06 of 3rd period - Stopped by Jason LaBarbera with a rebound.
0:09 of 3rd period - Icing by Karl Alzner.
0:10 of 3rd period - Matt Moulson wins face-off versus Josh Hennessy in Blackdemons zone.
0:10 of 3rd period - Matt Moulson is hit by Josh Hennessy.
0:41 of 3rd period - Minor Penalty to Niklas Hagman for Slashing.
0:42 of 3rd period - Sam Gagner wins face-off versus Dylan Hunter in Icehogs zone.
1:05 of 3rd period - B.J. Crombeen is hit by Zack Hamill and loses puck.
1:32 of 3rd period - Ladislav Smid is hit by Travis Moen.
2:38 of 3rd period - Michael Frolik is hit by Dylan Hunter.
2:41 of 3rd period - Penalty to Niklas Hagman is over, Niklas Hagman is back on ice.
2:47 of 3rd period - Off-side.
2:48 of 3rd period - Todd Fedoruk wins face-off versus Joakim Andersson in neutral zone.
2:57 of 3rd period - Snap shot by Todd Fedoruk.
2:57 of 3rd period - Shot Misses the Net.
2:59 of 3rd period - Wrist shot by Todd Fedoruk.
2:59 of 3rd period - Stopped by Andrew Raycroft with a rebound.
3:44 of 3rd period - Backhand shot by B.J. Crombeen.
3:44 of 3rd period - Shot Misses the Net.
3:56 of 3rd period - Snap shot by Todd Fedoruk.
3:56 of 3rd period - Shot Misses the Net.
4:08 of 3rd period - Wrist shot by Niclas Bergfors.
4:08 of 3rd period - Stopped by Andrew Raycroft with a rebound.
4:10 of 3rd period - Slapshot by Jakub Kindl.
4:10 of 3rd period - Shot Hit the Post.
4:43 of 3rd period - Slapshot by Patrik Berglund.
4:43 of 3rd period - Stopped by Jason LaBarbera with a rebound.
5:08 of 3rd period - Snap shot by Niklas Hagman.
5:08 of 3rd period - Shot Misses the Net.
5:10 of 3rd period - Slapshot by Mark Popovic.
5:10 of 3rd period - Stopped by Jason LaBarbera with a rebound.
5:32 of 3rd period - Snap shot by Barry Tallackson.
5:32 of 3rd period - Shot Misses the Net.
6:06 of 3rd period - Icing by Nikita Nikitin.
6:07 of 3rd period - Sam Gagner wins face-off versus Josh Hennessy in Blackdemons zone.
6:29 of 3rd period - Slapshot by Barry Tallackson.
6:29 of 3rd period - Shot Blocked by Niclas Bergfors.
6:31 of 3rd period - Snap shot by Mark Popovic.
6:31 of 3rd period - Deflect By Barry Tallackson.
6:31 of 3rd period - Shot Misses the Net.
6:31 of 3rd period - Puck is out of play.
6:32 of 3rd period - Matt Moulson wins face-off versus Patrik Berglund in Blackdemons zone.
6:42 of 3rd period - Minor Penalty to Matt Hunwick for Holding.
6:43 of 3rd period - Niklas Hagman wins face-off versus Sam Gagner in Icehogs zone.
6:58 of 3rd period - Snap shot by Niclas Bergfors.
6:58 of 3rd period - Shot Misses the Net.
7:08 of 3rd period - Ryan Parent is hit by Enver Lisin and loses puck.
7:13 of 3rd period - Slapshot by Michael Frolik.
7:13 of 3rd period - Stopped by Andrew Raycroft without a rebound.
7:14 of 3rd period - Zack Hamill wins face-off versus Barry Tallackson in Icehogs zone.
7:15 of 3rd period - Slapshot by Michael Frolik.
7:15 of 3rd period - Shot Blocked by Milan Jurcina.
7:17 of 3rd period - Slapshot by Nikita Nikitin.
7:17 of 3rd period - Stopped by Andrew Raycroft with a rebound.
7:47 of 3rd period - Wrist shot by Michael Frolik.
7:47 of 3rd period - Shot Misses the Net.
7:49 of 3rd period - Slapshot by Ladislav Smid.
7:49 of 3rd period - Stopped by Andrew Raycroft with a rebound.
7:51 of 3rd period - Wrist shot by Michael Frolik.
7:51 of 3rd period - Shot Blocked by Milan Jurcina.
7:53 of 3rd period - Slapshot by Ladislav Smid.
7:53 of 3rd period - Shot Blocked by Milan Jurcina.
7:55 of 3rd period - Wrist shot by Enver Lisin.
7:55 of 3rd period - Shot Misses the Net.
7:57 of 3rd period - Slapshot by Zack Hamill.
7:57 of 3rd period - Shot Misses the Net.
8:03 of 3rd period - Snap shot by Enver Lisin.
8:03 of 3rd period - Shot Misses the Net.
8:05 of 3rd period - Slapshot by Michael Frolik.
8:05 of 3rd period - Shot Misses the Net.
8:07 of 3rd period - Wrist shot by Michael Frolik.
8:07 of 3rd period - Stopped by Andrew Raycroft with a rebound.
8:09 of 3rd period - Slapshot by Nikita Nikitin.
8:09 of 3rd period - Stopped by Andrew Raycroft without a rebound.
8:10 of 3rd period - Sam Gagner wins face-off versus Barry Tallackson in Icehogs zone.
8:13 of 3rd period - Slapshot by James Neal.
8:13 of 3rd period - Shot Misses the Net.
8:15 of 3rd period - Slapshot by Nathan Paetsch.
8:15 of 3rd period - Goal by Nathan Paetsch - Blackdemons : 3 - Icehogs : 2.
8:16 of 3rd period - Patrik Berglund wins face-off versus Matt Moulson in neutral zone.
8:46 of 3rd period - Niklas Hagman is hit by Enver Lisin and loses puck.
9:01 of 3rd period - Slapshot by Dylan Hunter.
9:01 of 3rd period - Stopped by Jason LaBarbera without a rebound.
9:02 of 3rd period - Chris Mueller wins face-off versus Matt Moulson in Blackdemons zone.
9:07 of 3rd period - Snap shot by Dylan Hunter.
9:07 of 3rd period - Stopped by Jason LaBarbera with a rebound.
9:09 of 3rd period - Slapshot by Shane Sims.
9:09 of 3rd period - Shot Blocked by Michael Frolik.
9:11 of 3rd period - Wrist shot by Logan Stephenson.
9:11 of 3rd period - Shot Blocked by Nikita Nikitin.
9:13 of 3rd period - Wrist shot by Dylan Hunter.
9:13 of 3rd period - Shot Blocked by Nikita Nikitin.
9:37 of 3rd period - Icing by Matt Hunwick.
9:38 of 3rd period - Matt Moulson wins face-off versus Josh Hennessy in Icehogs zone.
9:43 of 3rd period - Wrist shot by Niclas Bergfors.
9:43 of 3rd period - Stopped by Andrew Raycroft with a rebound.
9:45 of 3rd period - Snap shot by Matt Moulson.
9:45 of 3rd period - Blackdemons goal is going for a video replay.
9:45 of 3rd period - The goal is good.
9:45 of 3rd period - Goal by Matt Moulson - Blackdemons : 4 - Icehogs : 2.
9:46 of 3rd period - Josh Hennessy wins face-off versus Matt Moulson in neutral zone.
9:52 of 3rd period - Minor Penalty to Josh Hennessy for Delaying the game.
9:53 of 3rd period - Niklas Hagman wins face-off versus Sam Gagner in Icehogs zone.
10:17 of 3rd period - Michael Frolik is hit by Barry Tallackson and loses puck.
10:24 of 3rd period - Matt Hunwick is hit by Michael Frolik and loses puck.
11:52 of 3rd period - Penalty to Josh Hennessy is over, Josh Hennessy is back on ice.
11:54 of 3rd period - Patrik Berglund is hit by James Neal and loses puck.
12:35 of 3rd period - Tomas Kopecky is hit by Ryan Shannon and loses puck.
14:17 of 3rd period - Minor Penalty to Tomas Kopecky for Tripping.
14:18 of 3rd period - Josh Hennessy wins face-off versus Michael Frolik in Blackdemons zone.
14:21 of 3rd period - Slapshot by Niklas Hagman.
14:21 of 3rd period - Deflect By B.J. Crombeen.
14:21 of 3rd period - Shot Misses the Net.
14:21 of 3rd period - Puck is out of play.
14:22 of 3rd period - Michael Frolik wins face-off versus Josh Hennessy in Blackdemons zone.
14:31 of 3rd period - Slapshot by Matt Hunwick.
14:31 of 3rd period - Deflect By Niklas Hagman.
14:31 of 3rd period - Shot Hit the Post.
14:31 of 3rd period - Puck is out of play.
14:32 of 3rd period - Josh Hennessy wins face-off versus Michael Frolik in Blackdemons zone.
14:35 of 3rd period - Snap shot by Niklas Hagman.
14:35 of 3rd period - Stopped by Jason LaBarbera without a rebound.
14:36 of 3rd period - B.J. Crombeen wins face-off versus Michael Frolik in Blackdemons zone.
14:49 of 3rd period - Slapshot by B.J. Crombeen.
14:49 of 3rd period - Deflect By Niklas Hagman.
14:49 of 3rd period - Stopped by Jason LaBarbera with a rebound.
14:51 of 3rd period - Slapshot by Ryan Parent.
14:51 of 3rd period - Shot Blocked by James Neal.
15:10 of 3rd period - Slapshot by Matt Hunwick.
15:10 of 3rd period - Shot Blocked by James Neal.
15:38 of 3rd period - Nathan Paetsch is hit by Travis Moen and loses puck.
16:17 of 3rd period - Penalty to Tomas Kopecky is over, Tomas Kopecky is back on ice.
16:27 of 3rd period - Sam Gagner is hit by Fernando Pisani and loses puck.
16:32 of 3rd period - Wrist shot by Fernando Pisani.
16:32 of 3rd period - Shot Misses the Net.
16:34 of 3rd period - Slapshot by Logan Stephenson.
16:34 of 3rd period - Stopped by Jason LaBarbera without a rebound.
16:35 of 3rd period - Tomas Kopecky wins face-off versus Patrik Berglund in Blackdemons zone.
16:39 of 3rd period - Niclas Bergfors is hit by Dylan Hunter and loses puck.
16:43 of 3rd period - Nikita Nikitin is hit by Chris Mueller and loses puck.
16:46 of 3rd period - Slapshot by Niclas Bergfors.
16:46 of 3rd period - Shot Misses the Net.
16:51 of 3rd period - Minor Penalty to Trevor Letowski for Hooking.
16:52 of 3rd period - Josh Hennessy wins face-off versus Michael Frolik in Blackdemons zone.
18:24 of 3rd period - James Neal is hit by Patrik Berglund and loses puck.
18:35 of 3rd period - Snap shot by Matt Moulson.
18:35 of 3rd period - Stopped by Andrew Raycroft with a rebound.
18:51 of 3rd period - Penalty to Trevor Letowski is over, Trevor Letowski is back on ice.
19:06 of 3rd period - Icing by Ladislav Smid.
19:07 of 3rd period - Chris Mueller wins face-off versus Todd Fedoruk in Blackdemons zone.
19:09 of 3rd period - Minor Penalty to Todd Fedoruk for Hooking.
19:10 of 3rd period - Josh Hennessy wins face-off versus Michael Frolik in Blackdemons zone.
19:19 of 3rd period - Snap shot by B.J. Crombeen.
19:19 of 3rd period - Shot Misses the Net.
19:47 of 3rd period - Minor Penalty to Maxime Macenauer for Diving.
19:48 of 3rd period - Michael Frolik wins face-off versus Josh Hennessy in Blackdemons zone.
19:51 of 3rd period - Slapshot by Niklas Hagman.
19:51 of 3rd period - Deflect By Michael Frolik.
19:51 of 3rd period - Stopped by Jason LaBarbera without a rebound.
19:52 of 3rd period - Josh Hennessy wins face-off versus Michael Frolik in Blackdemons zone.


Output by the SimonT Hockey Simulator (STHS) for François Prévost -- Original Page W3C XHTML 1.0 Valid
Hockey Simulator - Hockey Simulation - Hockey Manager